Map: Romanticide LE

Players

Scarlett - Winner!

  • Race: Zerg Zerg

PureLegacy

  • Race: Terran Terran

Event: DreamHack SC2 Masters 2021 Winter

VOD

Have the link to the VOD?

Description

Time

  • Played on: Oct. 9, 2021, 5:20 p.m.
  • Length: 23:20

All games in this series

Show
View Real Time Build Order
Export as new Build Order

Scarlett Zerg - Winner!

Build Orders: Hatch First 

Get SALT Encoding   

  12  0:00  Drone  
  13  0:12  Overlord  
  13  0:16  Drone  
  14  0:30  Drone x2  
  16  0:47  Hatchery  
  15  0:50  Drone  
  15  0:54  Drone  
  17  0:58  Drone  
  18  1:09  Extractor  
  17  1:12  Spawning Pool  
  17  1:15  Drone  
  17  1:20  Drone  
  18  1:28  Drone  
  19  1:41  Drone  
  20  1:50  Overlord  
  20  1:59  Queen x2  
  26  2:01  Zergling x4  
  26  2:09  Metabolic Boost  
  26  2:12  Drone x2  
  28  2:24  Drone x2  
  30  2:33  Hatchery  
  29  2:41  Drone  
  29  2:43  Queen  
  32  2:47  Overlord  
  32  2:54  Drone x2  
  34  2:59  Drone x2  
  34  3:05  Overlord  
  36  3:08  Drone x3  
  36  3:09  Drone  
  40  3:15  Queen  
  42  3:21  Queen  
  44  3:29  Drone x4  
  48  3:35  Drone  
  48  3:40  Overlord  
  49  3:42  Drone x3  
  49  3:46  Drone x2  
  49  3:48  Queen  
  55  3:57  Zergling x4  
  55  3:58  Overlord  
  55  3:59  Drone  
  55  4:00  Drone  
  59  4:05  Queen  
  61  4:14  Drone x4  
  61  4:15  Overlord  
  61  4:16  Overlord  
  65  4:21  Overlord  
  65  4:22  Zergling x4  
  67  4:28  Drone  
  67  4:30  Roach Warren  
  67  4:32  Drone x5  
  67  4:34  Extractor  
  67  4:35  Extractor  
  70  4:39  Drone x2  
  70  4:42  Queen  
  70  4:43  Queen  
  76  4:49  Lair  
  76  4:52  Drone x4  
  80  4:55  Zergling x4  
  80  4:58  Drone  
  80  4:59  Spore Crawler  
  82  5:03  Drone x2, Spore Crawler  
  82  5:05  Spore Crawler  
  82  5:13  Evolution Chamber x2  
  75  5:23  Drone x6  
  75  5:24  Drone x2  
  81  5:33  Overlord  
  81  5:34  Drone x4  
  85  5:39  Drone x3  
  85  5:42  Extractor  
  87  5:43  Extractor x2  
  82  5:51  Zerg Missile Weapons Level 1, Zerg Ground Armor Level 1  
  80  5:58  Glial Reconstitution  
  80  5:59  Roach x6  
  92  6:10  Evolution Chamber  
  89  6:20  Drone  
  89  6:24  Drone  
  88  6:25  Infestation Pit  
  88  6:26  Hatchery  
  88  6:28  Drone  
  88  6:32  Drone x7  
  94  6:45  Overlord x4  
  94  7:07  Drone x16  
  110  7:20  Hive  
  110  7:22  Roach x5  
  120  7:23  Ravager, Roach  
  120  7:24  Ravager x5  
  120  7:27  Extractor x2  
  120  7:28  Drone  
  125  7:34  Drone  
  125  7:35  Drone x4  
  130  7:40  Drone x3  
  130  7:43  Spine Crawler  
  131  7:49  Drone  
  132  7:54  Roach x2, Overlord  
  132  7:55  Overlord x3  
  132  7:58  Hatchery  
  135  8:06  Drone  
  135  8:07  Spine Crawler  
  135  8:08  Drone, Overlord x2  
  135  8:09  Overlord  
  138  8:20  Roach x11  
  158  8:32  Viper x4  
  158  8:33  Viper x2  
  176  8:44  Zerg Missile Weapons Level 2  
  176  8:54  Roach x11  
  186  9:11  Roach x9  
  186  9:12  Extractor  
  186  9:14  Extractor  
  186  9:15  Spine Crawler  
  186  9:16  Spine Crawler  
  194  9:21  Zerg Ground Armor Level 2  
  194  9:25  Spine Crawler  
  194  9:26  Spine Crawler  
  194  9:29  Spine Crawler  
  191  9:33  Overlord x2  
  191  9:41  Roach x3  
  197  9:51  Drone x4  
  197  9:52  Drone x2  
  195  10:18  Drone  
  182  10:32  Ravager x8  
  182  10:35  Ravager x2  
  192  10:36  Unknown  
  192  10:37  Hatchery  
  192  10:41  Roach x5  
  185  10:53  Roach  
  185  10:54  Roach x7  
  190  11:16  Roach x5  
  190  11:17  Zerg Missile Weapons Level 3  
  196  11:19  Spire  
  196  11:22  Evolution Chamber x2  
  196  11:24  Evolution Chamber  
  186  11:27  Evolution Chamber  
  157  11:51  Roach x14  
  167  12:05  Ravager x9  
  167  12:06  Ravager  
  167  12:07  Viper x6  
  195  12:18  Drone x3  
  196  12:26  Hatchery  
  196  12:28  Extractor  
  196  12:29  Extractor  
  193  12:37  Spine Crawler x2  
  183  12:39  Spine Crawler  
  178  12:44  Evolution Chamber  
  178  12:45  Evolution Chamber  
  176  12:52  Spine Crawler  
  175  13:10  Drone x2  
  173  13:13  Drone x2, Spine Crawler x2  
  173  13:22  Greater Spire  
  173  13:23  Zerg Ground Armor Level 3, Spine Crawler  
  173  13:24  Spire  
  171  13:34  Spore Crawler x2  
  171  13:35  Spore Crawler  
  165  13:47  Corruptor x11  
  173  14:11  Roach x13  
  186  14:50  Zerg Flyer Weapons Level 1  
  186  14:51  Zerg Flyer Armor Level 1, Zerg Melee Weapons Level 1  
  186  14:52  Pathogen Glands, Burrow  
  176  15:09  Viper x3  
  171  15:25  Brood Lord x11  
  183  15:36  Corruptor x8  
  195  15:48  Neural Parasite  
  195  15:51  Corruptor x2  
  164  16:40  Infestor x4  
  164  16:43  Corruptor x5  
  164  16:46  Brood Lord x8  
  198  16:51  Zerg Flyer Armor Level 2, Zerg Flyer Weapons Level 2  
  198  16:52  Zerg Melee Weapons Level 2  
  198  16:56  Drone x2  
  200  17:07  Extractor  
  199  17:08  Hatchery  
  199  17:09  Extractor  
  193  17:32  Corruptor x3  
  199  17:41  Infestor  
  199  17:42  Infestor  
  199  17:44  Spine Crawler  
  149  18:07  Corruptor x3  
  153  18:14  Infestor x2  
  153  18:16  Infestor x4  
  163  18:20  Brood Lord  
  163  18:21  Brood Lord x6  
  157  18:28  Brood Lord  
  157  18:32  Drone  
  160  18:34  Queen  
  160  18:35  Drone x2  
  160  18:36  Drone x2  
  160  18:37  Drone  
  160  18:41  Zergling x8, Roach x4  
  179  19:07  Corruptor x3  
  185  19:10  Queen  
  185  19:12  Drone  
  188  19:20  Infestor x7, Spine Crawler  
  173  19:27  Corruptor  
  173  19:28  Corruptor x2  
  146  19:42  Roach x6  
  134  19:58  Roach x7  
  148  20:07  Ravager  
  148  20:08  Ravager x3  
  148  20:09  Roach x3  
  148  20:10  Roach  
  148  20:13  Drone x3  
  163  20:20  Ravager x4  
  163  20:21  Ravager x3  
  170  20:31  Infestor x6  
  170  20:32  Drone x6  
  167  20:35  Drone  
  167  20:36  Drone x5  
  174  20:42  Ravager  
  174  20:43  Ravager x3  
  174  20:46  Roach x2  
  174  20:48  Drone x2  
  170  21:14  Roach x11  
  170  21:17  Ravager x2  
  183  21:50  Roach x10  
  147  22:49  Roach x3  
  147  22:50  Roach x6  
  155  22:52  Roach x9  
  155  22:54  Ravager x8  
Show
View Real Time Build Order
Export as new Build Order

PureLegacy Terran 

Build Orders: Liberator Opening, Reaper Expand, Mech 

Get SALT Encoding   

  12  0:00  SCV  
  13  0:12  SCV  
  14  0:18  Supply Depot  
  14  0:24  SCV  
  15  0:40  SCV  
  15  0:41  Barracks  
  16  0:45  Refinery  
  16  0:52  SCV  
  18  1:04  SCV  
  18  1:16  SCV  
  19  1:29  Reaper  
  19  1:31  Orbital Command  
  20  1:40  Command Center  
  20  1:51  Supply Depot  
  20  1:57  SCV  
  21  2:01  Marine  
  22  2:09  SCV  
  22  2:13  Factory  
  23  2:21  SCV  
  24  2:24  Barracks Reactor  
  24  2:33  SCV  
  25  2:42  Command Center  
  25  2:45  SCV  
  26  2:54  Orbital Command  
  27  2:58  SCV  
  27  3:02  Starport  
  27  3:07  Refinery  
  27  3:10  SCV  
  28  3:14  Hellion x2  
  32  3:21  SCV  
  32  3:22  SCV  
  34  3:33  SCV  
  35  3:34  SCV  
  35  3:35  Hellion  
  35  3:36  Hellion  
  40  3:45  SCV  
  40  3:46  Liberator  
  40  3:47  SCV  
  45  3:54  Orbital Command  
  45  3:57  SCV  
  45  3:58  Hellion x2  
  45  3:59  SCV  
  51  4:06  Supply Depot  
  51  4:09  SCV  
  52  4:11  SCV  
  53  4:18  Refinery  
  53  4:19  Refinery  
  53  4:21  SCV x2  
  53  4:23  SCV  
  58  4:24  Hellion  
  58  4:26  Hellion  
  58  4:30  Supply Depot  
  60  4:33  SCV x2  
  60  4:35  SCV  
  63  4:43  Barracks Tech Lab, Starport Tech Lab  
  63  4:44  Factory  
  63  4:45  SCV  
  64  4:46  Factory  
  64  4:50  Hellion x2  
  64  4:52  SCV x2  
  65  4:54  Supply Depot  
  65  4:55  Orbital Command  
  65  5:02  Armory  
  65  5:04  SCV, Armory  
  64  5:10  SCV  
  67  5:14  Hellion x2  
  67  5:16  SCV  
  66  5:24  SCV  
  66  5:25  SCV  
  66  5:28  SCV  
  63  5:36  SCV  
  63  5:37  SCV  
  63  5:39  Hellion x2, Infernal Pre-Igniter, Cyclone x2  
  63  5:40  Mag-Field Accelerator  
  63  5:41  SCV  
  76  5:48  SCV  
  77  5:52  SCV  
  77  5:56  SCV  
  77  5:57  Terran Vehicle Weapons Level 1, Terran Vehicle And Ship Armor Level 1  
  77  6:00  Supply Depot, SCV  
  77  6:03  Refinery x2  
  77  6:04  SCV  
  79  6:07  Supply Depot  
  79  6:08  SCV  
  80  6:12  SCV  
  80  6:16  Hellion x2, SCV  
  80  6:17  Cyclone  
  83  6:20  SCV  
  83  6:21  Cyclone  
  83  6:23  Supply Depot  
  83  6:24  SCV  
  88  6:26  Supply Depot  
  88  6:30  SCV, Command Center  
  87  6:32  SCV  
  87  6:36  Factory, SCV  
  87  6:37  Factory  
  87  6:38  Supply Depot  
  88  6:44  Hellion x2  
  88  6:45  SCV  
  92  6:48  SCV  
  92  6:50  Cyclone  
  92  6:52  Engineering Bay  
  96  6:55  Cyclone  
  96  6:57  SCV x2  
  96  7:00  Supply Depot  
  101  7:06  SCV  
  101  7:08  Hellion x2  
  106  7:09  SCV  
  106  7:15  Factory x2  
  107  7:24  Factory Reactor, Factory Tech Lab  
  107  7:26  SCV x2, Cyclone  
  107  7:27  SCV  
  113  7:31  Hellion x2  
  113  7:33  Cyclone  
  113  7:35  Supply Depot  
  120  7:38  SCV x2  
  120  7:39  Smart Servos  
  120  7:42  Supply Depot  
  120  7:43  Supply Depot  
  122  7:51  Siege Tank  
  113  7:58  Hellion x2, SCV x3  
  120  8:01  Unknown  
  120  8:02  Factory Tech Lab x2, Cyclone  
  120  8:03  Hellion x2  
  120  8:05  Cyclone  
  130  8:06  Supply Depot  
  130  8:16  Sensor Tower  
  130  8:17  Terran Vehicle Weapons Level 2, Terran Vehicle And Ship Armor Level 2  
  130  8:19  SCV x2  
  132  8:23  Planetary Fortress  
  132  8:27  SCV  
  132  8:31  SCV x2  
  132  8:33  Siege Tank x2  
  141  8:38  Siege Tank  
  140  8:42  Siege Tank  
  140  8:47  Supply Depot  
  140  8:48  Command Center  
  140  8:54  Siege Tank  
  140  8:55  Hellion x3  
  145  8:56  Hellion  
  147  9:05  Missile Turret, Siege Tank  
  147  9:06  Hellion, Supply Depot  
  152  9:10  Siege Tank  
  152  9:15  Siege Tank  
  158  9:17  Starport Reactor  
  158  9:26  Siege Tank  
  158  9:27  Siege Tank  
  164  9:34  Hellion x4  
  164  9:37  Siege Tank  
  175  9:39  Missile Turret  
  175  9:40  Command Center  
  164  9:50  Siege Tank  
  164  9:51  Thor  
  167  10:00  Siege Tank  
  167  10:01  Siege Tank  
  168  10:07  Hi-Sec Auto Tracking, Command Center  
  168  10:10  Siege Tank  
  171  10:16  Hellion x4  
  171  10:17  Viking  
  171  10:18  Viking  
  183  10:22  Missile Turret, Hellion  
  183  10:23  Missile Turret  
  167  10:37  Hellion x2  
  167  10:38  Hellion x2  
  167  10:39  Siege Tank  
  167  10:40  Siege Tank  
  181  10:47  Viking  
  181  10:48  Viking  
  176  10:54  Hellion x2  
  176  10:56  Siege Tank  
  173  11:04  Neosteel Armor  
  158  11:06  Siege Tank  
  161  11:11  Siege Tank  
  161  11:13  SCV x4  
  161  11:16  Terran Vehicle Weapons Level 3  
  161  11:17  Viking  
  161  11:18  Viking  
  166  11:23  Orbital Command  
  166  11:29  Siege Tank x2  
  166  11:30  Siege Tank  
  175  11:34  Hellion x2  
  175  11:35  Hellion x2  
  175  11:36  SCV x3  
  175  11:37  SCV  
  183  11:47  Viking  
  183  11:48  Viking  
  163  12:01  Hellion x2  
  163  12:02  Hellion x2  
  163  12:07  Planetary Fortress  
  161  12:08  Missile Turret  
  161  12:10  Missile Turret  
  161  12:14  SCV x3  
  161  12:15  SCV x2  
  165  12:17  Sensor Tower, Viking  
  165  12:18  Viking  
  169  12:23  Hellion x2  
  169  12:24  Hellion x3  
  169  12:25  SCV  
  169  12:28  SCV  
  167  12:43  Thor  
  172  12:44  Siege Tank  
  172  12:45  SCV x3  
  172  12:46  SCV  
  172  12:47  Viking  
  172  12:48  Viking  
  172  12:49  SCV x2  
  182  12:53  Terran Vehicle And Ship Armor Level 3  
  182  12:59  Siege Tank  
  182  13:02  SCV  
  182  13:03  SCV  
  182  13:04  Planetary Fortress  
  187  13:10  Thor  
  181  13:13  Missile Turret  
  181  13:16  Refinery  
  181  13:17  Missile Turret, Refinery, Viking  
  181  13:21  Missile Turret  
  181  13:22  Missile Turret  
  181  13:31  Siege Tank x2  
  182  13:42  Viking  
  182  13:47  Viking  
  183  13:53  Terran Ship Weapons Level 1  
  183  13:55  Thor  
  184  14:03  Siege Tank  
  184  14:04  Siege Tank x2  
  182  14:14  Viking, Thor  
  182  14:16  Hellion x4  
  188  14:17  Viking  
  188  14:31  Factory  
  188  14:35  Thor  
  188  14:36  Hellion, Siege Tank  
  199  14:43  Viking  
  195  14:47  Viking, Thor  
  195  14:48  Hellion  
  178  15:09  Thor  
  178  15:11  Hellion x2  
  178  15:12  Hellion x2  
  178  15:13  Viking  
  188  15:14  SCV x4  
  188  15:16  SCV  
  188  15:17  Viking  
  188  15:20  Factory Tech Lab  
  188  15:21  SCV  
  196  15:26  Thor  
  199  15:37  Hellion x6  
  199  15:38  Thor  
  198  15:43  Viking  
  200  15:52  Refinery  
  200  15:53  Refinery  
  200  15:54  Missile Turret x3  
  200  16:03  Refinery  
  188  16:21  Thor x3  
  180  16:29  Thor x3  
  184  16:35  Hellion x3  
  180  16:40  Hellion  
  180  16:42  Viking x2  
  186  16:48  Command Center  
  186  16:56  Hellion x2  
  186  17:00  SCV x2  
  186  17:01  SCV  
  192  17:03  Sensor Tower  
  192  17:04  Thor  
  192  17:06  Hellion  
  196  17:10  SCV x4  
  197  17:28  Viking  
  199  17:31  Missile Turret  
  199  17:51  Thor  
  199  17:54  Thor x2  
  199  17:56  Hellion x2  
  199  17:57  Hellion x2  
  149  18:06  Thor  
  149  18:07  Thor  
  149  18:08  Thor  
  149  18:09  Viking x2  
  146  18:18  Hellion x4  
  151  18:33  Thor  
  157  18:37  Thor  
  157  18:39  Viking x2  
  157  18:40  Terran Ship Weapons Level 2  
  167  18:45  Hellion x4, Thor  
  181  19:02  Siege Tank  
  184  19:03  Hellion  
  184  19:04  Hellion  
  184  19:09  Viking x2  
  192  19:15  Refinery x2  
  192  19:23  Thor  
  160  19:34  Thor  
  152  19:39  Viking x2  
  152  19:44  Thor  
  144  19:46  Hellion x5  
  144  19:47  Hellion x2  
  130  20:00  Missile Turret  
  130  20:06  Thor  
  136  20:08  Hellion x2  
  136  20:09  Hellion x2, Viking x2  
  136  20:11  Siege Tank  
  136  20:14  Planetary Fortress  
  155  20:21  Hellion x3  
  155  20:28  Hellion  
  159  20:30  Hellion x3  
  161  20:37  Hellion  
  161  20:42  Siege Tank x2  
  163  20:43  Siege Tank  
  135  21:06  Orbital Command  
  135  21:07  Siege Tank x3  
  135  21:09  Hellion x4  
  152  21:12  SCV x3  
  152  21:14  Siege Tank  
  152  21:15  Siege Tank  
  161  21:29  SCV x4  
  161  21:32  Siege Tank  
  168  21:40  Siege Tank  
  168  21:41  Siege Tank  
  168  21:42  Hellion x4  
  163  21:58  Viking x2  
  162  22:04  Hellion x3  
  159  22:09  Siege Tank  
  120  22:37  Siege Tank x3  
  120  22:40  Orbital Command  
  97  23:06  SCV x4, Refinery  
  97  23:07  SCV, Refinery  

Tags
 
Add a new tag
Caveats
  • Supply blocks, unpowered buildings, or Contaminate may cause inaccurate times.
  • Supply counts are checked every 10 seconds.